 Dungeon Crawl Stone Soup version 0.32-a0-643-ga006e7742e (webtiles) character file.

Game seed: 15000802671568893683

281 javelincjr the Magician (level 6, 0/32 HPs)
             Began as a Deep Elf Summoner on Mar 7, 2024.
             Slain by a ball python (2 damage)
             ... in a sewer.
             The game lasted 00:12:00 (2238 turns).

javelincjr the Magician (Deep Elf Summoner)         Turns: 2238, Time: 00:12:01

Health: 0/32       AC:  3    Str:  1 (4)  XL:     6   Next: 6%
Magic:  22/25      EV:  4    Int: 19 (21) God:
Gold:   235        SH:  0    Dex: 19 (22) Spells: 10/16 levels left

rFire   . . .        k - +6 spear of Res Judicata {flame, rElec Dex+3}
rCold   . . .        (no shield)
rNeg    . . .        a - +0 robe
rPois   .            (no helmet)
rElec   +            (no cloak)
rCorr   .            (no gloves)
SInv    .            c - +0 pair of boots
Will    .....        (no amulet)
Stlth   ++           f - ring of magical power
HPRegen 0.25/turn    (no ring)
MPRegen 0.19/turn

%: no passive effects
@: unable to call your familiar, constricted, very slow
A: agile 1
a: no special abilities


You were in a sewer.
You visited 1 branch of the dungeon, and saw 4 of its levels.
You also visited: Sewer.

You collected 235 gold pieces.

Inventory:

Hand Weapons
 e - a +0 dagger
 j - a +2 dagger of draining
 k - the +6 spear of Res Judicata (weapon) {flame, rElec Dex+3}
   (You found it on level 4 of the Dungeon)

   Dex+3:     It affects your dexterity (+3).
   rElec:     It insulates you from electricity.
Armour
 a - a +0 robe (worn)
 c - a +0 pair of boots (worn)
 h - a +0 leather armour
Jewellery
 f - a ring of magical power (left hand)
Scrolls
 g - a scroll of identify {unknown}
 l - a scroll of fear {unknown}
 m - a scroll of fog {unknown}
 p - a scroll of enchant weapon {unknown}
 q - a scroll of revelation
 r - a scroll of noise {unknown}
Potions
 b - a potion of magic
 i - a potion of mutation
 n - a potion of curing {unknown}
 o - a potion of heal wounds {unknown}


   Skills:
 + Level 0.7 Polearms
 + Level 3.9 Dodging
 + Level 4.1 Stealth
 * Level 5.6 Spellcasting
 * Level 5.4 Summonings


You had 10 spell levels left.
You knew the following spells:

 Your Spells              Type           Power      Damage    Failure   Level
a - Summon Small Mammal   Summ           100%       N/A       1%          1
b - Call Imp              Summ           52%        N/A       1%          2
c - Call Canine Familiar  Summ           26%        N/A       3%          3

Your spell library contained the following spells:

 Spells                   Type           Power      Damage    Failure   Level
 Static Discharge         Conj/Air       10%        3-4/arc   19%         2
 Summon Blazeheart Golem  Fire/Summ      15%        N/A       36%         4
 Summon Lightning Spire   Summ/Air       15%        N/A       36%         4
 Airstrike                Air            2%         2d(1-17)  75%         4


Dungeon Overview and Level Annotations

Branches:
Dungeon (4/15)              Sewer (1/1)
 Temple: D:4-7

Altars:


Innate Abilities, Weirdness & Mutations

You are agile. (Dex +4, Str/Int -1)


Message History

The adder is lightly wounded.
You feel sick.
The ball python bites your inugami but does no damage.
The ball python constricts your inugami.
The adder bites your inugami but does no damage.
The bullfrog hits your inugami. The adder barely misses you.
Your cerulean imp closely misses the adder.
The ball python bites you.
* * * LOW HITPOINT WARNING * * *
The ball python grabs you. The ball python constricts you.
Your inugami splashes around in the water.
The adder bites your inugami but does no damage.
The ball python bites your inugami but does no damage.
The ball python constricts your inugami.
The bullfrog hits your inugami.
It was a potion of mutation.
You feel extremely strange.
You feel agile.
You feel sick.
You are no longer poisoned.
The adder bites you but does no damage. The bullfrog hits your inugami.
The ball python bites you.
* * * LOW HITPOINT WARNING * * *
The ball python constricts you.
* * * LOW HITPOINT WARNING * * *
Your cerulean imp barely misses the adder.
The adder bites your inugami.
The ball python bites your inugami but does no damage.
The ball python constricts your inugami.
Your inugami barely misses the ball python.
The adder bites you.
* * * LOW HITPOINT WARNING * * *
You are too injured to fight recklessly!
It was a potion of degeneration.
There was something very wrong with that liquid.
You feel weakened.
You feel dopey.
You feel clumsy. The bullfrog hits your inugami!
Your inugami dies!
Your inugami disappears in a puff of smoke!
The ball python bites you.
You die...

..##### ...'..# ...#h.#
...####
†...####################+
......≈≈≈≈≈≈≈≈≈≈≈≈≈≈≈....
#.....~≈≈~≈≈≈≈≈≈~5†~~~...
#.....~~~~≈≈≈≈≈~~SS~≈....
#....~≈~≈~~~≈~~≈@§FS~~...
##...~~≈~~≈#~..~#SS≈~~...
###.#≈~≈≈≈~~≈≈≈~≈≈~≈....
######################


You could see a bullfrog, 2 adders, 3 ball pythons and a friendly cerulean imp
(summoned).

Vanquished Creatures
  A bullfrog (Sewer)
  Jessica (D:2)
  An adder (Sewer)
  A bat (D:2)
  2 endoplasms
  A hobgoblin (D:1)
  7 ball pythons
  3 frilled lizards
  7 rats
24 creatures vanquished.

Vanquished Creatures (collateral kills)
  A bombardier beetle (D:4)
  Terence (D:2)
  5 adders
  A river rat (Sewer)
  A ribbon worm (D:4)
  2 orcs
  3 endoplasms
  4 giant cockroaches
  2 goblins
  3 hobgoblins
  9 ball pythons
  2 bats
  9 frilled lizards
  2 kobolds
  8 rats
53 creatures vanquished.

Grand Total: 77 creatures vanquished

Notes
Turn   | Place    | Note
-------+----------+-------------------------------------------
     0 | D:1      | javelincjr the Deep Elf Summoner began the quest for the
                  | Orb.
     0 | D:1      | Reached XP level 1. HP: 10/10 MP: 6/6
    34 | D:1      | Found a faded altar of an unknown god.
   245 | D:1      | You fall into a shaft and drop 1 floor!
   278 | D:2      | Reached XP level 2. HP: 15/15 MP: 5/8
   312 | D:2      | Noticed Jessica
   323 | D:2      | Killed Jessica
   324 | D:2      | Reached XP level 3. HP: 10/19 MP: 8/10
   365 | D:2      | Learned a level 2 spell: Call Imp
   369 | D:2      | Learned a level 3 spell: Call Canine Familiar
   658 | D:2      | Noticed Terence
   675 | D:2      | Killed Terence
  1004 | D:2      | Reached XP level 4. HP: 21/24 MP: 12/12
  1748 | D:4      | Reached skill level 5 in Spellcasting
  1814 | D:4      | Reached skill level 5 in Summonings
  1814 | D:4      | Reached XP level 5. HP: 28/28 MP: 14/14
  1823 | D:4      | Identified the +6 spear of Res Judicata {flame, rElec
                  | Dex+3}
  1870 | D:4      | Found a glowing drain.
  1912 | Sewer    | Entered a sewer
  2234 | Sewer    | Reached XP level 6. HP: 18/32 MP: 16/16
  2237 | Sewer    | Gained mutation: You are agile. (Dex +4, Str/Int -1)
                  | [potion of mutation]
  2237 | Sewer    | HP: 1/32 [adder (2)]
  2238 | Sewer    | Slain by a ball python

Illustrated notes

Levels and vault maps discovered:
D:1:      reono_arrival_mine, layout_basic, hellmonk_ecumenical_altar_zigzags,
          minmay_tromino_v7
D:2:      layout_basic, minmay_gold_behind_fungi, uniq_jessica, uniq_terence
D:3:      minmay_chambers_of_twos, layout_rooms, serial_shops, shop
D:4:      kennysheep_goblin_castle, layout_loops_ring,
          lightli_sewer_entry_pipes, minmay_misc_feat_chi
Sewer:    sewer_minmay_w

Skill      XL: |  1  2  3  4  5 |
---------------+----------------+-----
Stealth        | 3 4 |  4.1
Spellcasting   | 4 5 |  5.6
Dodging        | 3 |  3.9
Summonings     | 5 |  5.4
Polearms       | |  0.7

Action                     |  1- 3 |  4- 6 || total
---------------------------+-------+-------++-------
  Melee: Dagger            |    23 |    23 ||    46
         Unarmed           |     2 |       ||     2
         Spear             |       |    53 ||    53
   Cast: Summon Small Mamm |    25 |     7 ||    32
         Call Imp          |     6 |    13 ||    19
         Call Canine Famil |     1 |    11 ||    12
    Use: Scroll            |       |     1 ||     1
         Potion            |       |     2 ||     2
 Armour: Robe              |     5 |    70 ||    75
  Dodge: Dodged            |    11 |    77 ||    88

Table legend: (Time is in decaauts)
 A = Elapsed time spent in this place.
 B = Non-inter-level travel time spent in this place.
 C = Inter-level travel time spent in this place.
 D = Time resting spent in this place.
 E = Time spent auto-exploring this place.
 F = Levels seen in this place.
 G = Mean time per level.
                   A        B        C        D        E       F      G
               +--------+--------+--------+--------+--------+-----+--------+
         Total |   2285 |   2174 |    111 |     36 |   1430 |   5 |  457.0 |
       Dungeon |   1922 |   1811 |    111 |     36 |   1225 |   4 |  480.5 |
         Sewer |    362 |    362 |      0 |      0 |    205 |   1 |  362.0 |
               +--------+--------+--------+--------+--------+-----+--------+

Top non-repeatable levels by time:
     D:2: 1232 daAuts
   Sewer: 362 daAuts
     D:4: 254 daAuts
     D:1: 244 daAuts
     D:3: 191 daAuts
